 Dungeon Crawl Stone Soup version 0.30-a0-782-ge64f9170bb (webtiles) character file.

Game seed: 17236283683113425362

412461 Crownlay the Opulent (level 23, -39/266 HPs)
             Began as a Gnoll Ice Elementalist on Feb 18, 2023.
             Was an Initiate of Gozag.
             Killed from afar by a fire giant (42 damage)
             ... with a fireball
             ... on level 3 of the Depths on Feb 24, 2023.
             The game lasted 03:25:25 (56611 turns).

Crownlay the Opulent (Gnoll Ice Elementalist)      Turns: 56611, Time: 03:25:25

Health: -39/266    AC: 32    Str: 16    XL:     23   Next: 53%
Magic:  25/53      EV: 23    Int: 30    God:    Gozag
Gold:   7077       SH: 17    Dex: 19    Spells: 8/55 levels left

rFire   . . .      SeeInvis +    Q - +7 spear "Suwuec" {heavy, rN+ Int+3 Dex+3}
rCold   + . .      Faith    .    B - +2 kite shield
rNeg    + + .      Spirit   .    (body armour currently unavailable)
rPois   ∞          Reflect  .    U - +3 hat of Pondering {ponderous, Will+ MP+10 Int+5}
rElec   +          Harm     .    H - +2 cloak {rCorr}
rCorr   +          Rampage  .    (gloves currently unavailable)
Will    ++...                    (boots currently unavailable)
Stlth   +++                      I - amulet of magic regeneration
HPRegen 0.64/turn                M - ring of wizardry
MPRegen 0.73/turn                c - ring "Fyenonuu" {Str+6 Dex+2 Slay+2 SInv}

@: statue-form, corroded, gold aura, contaminated, glowing, studying Fighting,
very slow
A: slow and powerful, torment resistance 1, boosted hp, fangs 1, strong nose,
distributed training, camouflage 1, cold resistance 1, robust 1, MP-powered
wands
}: 2/15 runes: decaying, serpentine
a: End Transformation, Renounce Religion, Potion Petition, Call Merchant, Bribe
Branch


You were on level 3 of the Depths.
You worshipped Gozag.
Gozag was greatly pleased with you.
You were a living statue of rough stone.
You visited 8 branches of the dungeon, and saw 40 of its levels.
You visited 1 bazaar.

You collected 21259 gold pieces.
You spent 6616 gold pieces at shops.
You paid 7566 gold pieces to Gozag.

Inventory:

Hand Weapons
 K - the +3 Elemental Staff {rElec rF++ rC++ AC+5}
   (You found it on level 3 of the Elven Halls)

   It enhances your fire, ice, earth and air magic.
   AC:        It affects your AC (+5).
   rF:        It greatly protects you from fire.
   rC:        It greatly protects you from cold.
   rElec:     It insulates you from electricity.
 Q - the +7 spear "Suwuec" (weapon) {heavy, rN+ Int+3 Dex+3}
   (You found it on level 8 of the Dungeon)

   Int:       It affects your intelligence (+3).
   Dex:       It affects your dexterity (+3).
   rN:        It protects you from negative energy.
Missiles
 O - 5 silver boomerangs (quivered)
Armour
 o - a +0 robe of resistance (melded)
 s - the +0 pair of boots of Indecent Exposure (melded) {rN+}
   (You found it on level 1 of the Swamp)

   rN:        It protects you from negative energy.
 w - a +2 pair of gloves of stealth (melded)
 B - a +2 kite shield (worn)
 D - a +2 robe of willpower
 H - a +2 cloak of preservation (worn)
 U - the +3 hat of Pondering (worn) {ponderous, Will+ MP+10 Int+5}
   (You took it off Gastronok on level 1 of the Orcish Mines)

   Int:       It affects your intelligence (+5).
   MP:        It affects your magic capacity (+10).
   Will:      It increases your willpower.
 V - a +2 robe of the Archmagi
Jewellery
 c - the ring "Fyenonuu" (right fist) {Str+6 Dex+2 Slay+2 SInv}
   (You found it on level 3 of the Elven Halls)

   [ring of strength]

   Str:       It affects your strength (+6).
   Dex:       It affects your dexterity (+2).
   Slay:      It affects your accuracy & damage with ranged weapons and melee
   (+2).
   SInv:      It lets you see invisible.
 q - an amulet of guardian spirit
 r - an amulet of reflection
 I - an amulet of magic regeneration (around neck)
 M - a ring of wizardry (left fist)
 P - the ring "Fejudouc" {Fly rN++ rCorr Str-4 Slay+6}
   (You took it off a deep elf death mage on level 3 of the Elven Halls)

   [ring of flight]

   Str:       It affects your strength (-4).
   Slay:      It affects your accuracy & damage with ranged weapons and melee
   (+6).
   rN:        It greatly protects you from negative energy.
   Fly:       It grants you flight.
   rCorr:     It protects you from acid and corrosion.
Wands
 a - a wand of digging (17)
 d - a wand of mindburst (6)
 y - a wand of flame (17)
 R - a wand of paralysis (46)
 S - a wand of polymorph (7)
 Y - a wand of roots (31)
Scrolls
 f - 7 scrolls of poison
 g - 10 scrolls of enchant armour
 h - 11 scrolls of fog
 i - 4 scrolls of noise
 j - 8 scrolls of immolation
 k - 5 scrolls of amnesia
 n - 5 scrolls of magic mapping
 u - 2 scrolls of blinking
 x - 7 scrolls of fear
 C - 33 scrolls of teleportation
 J - 3 scrolls of summoning
 N - a scroll of brand weapon
 W - 25 scrolls of identify
 X - 3 scrolls of silence
Potions
 b - 5 potions of magic
 e - 7 potions of haste
 l - 10 potions of might
 m - 9 potions of resistance
 p - 4 potions of brilliance
 t - 2 potions of ambrosia
 v - 12 potions of mutation
 z - 6 potions of cancellation
 A - 17 potions of curing
 F - 11 potions of flight
 G - 4 potions of heal wounds
 L - a potion of berserk rage
 T - 4 potions of invisibility
Miscellaneous
 E - a phantom mirror


   Skills:
 + Level 17.0 Fighting
 + Level 16.2 Short Blades
 + Level 16.2 Long Blades
 + Level 16.2 Axes
 + Level 16.2 Maces & Flails
 + Level 16.2 Polearms
 + Level 16.2 Staves
 + Level 16.2 Ranged Weapons
 + Level 16.2 Throwing
 + Level 16.2 Armour
 + Level 16.8 Dodging
 + Level 16.7 Stealth
 + Level 16.2 Shields
 + Level 16.2 Unarmed Combat
 + Level 16.9 Spellcasting
 + Level 13.8 Conjurations
 + Level 13.8 Hexes
 + Level 13.8 Summonings
 + Level 13.8 Necromancy
 + Level 13.8 Translocations
 + Level 13.8 Transmutations
 + Level 13.8 Fire Magic
 + Level 15.4 Ice Magic
 + Level 13.8 Air Magic
 + Level 13.8 Earth Magic
 + Level 13.8 Poison Magic
 + Level 17.6 Invocations
 + Level 16.2 Evocations


You had 8 spell levels left.
You knew the following spells:

 Your Spells              Type           Power      Damage    Failure   Level
a - Freeze                Ice            100%       1d10      0%          1
b - Frozen Ramparts       Ice            100%       1d16      0%          3
c - Lehudib's Crystal Sp  Conj/Erth      41%        10d10     26%         8
d - Ignition              Fire           41%        3d12      26%         8
e - Dispel Undead         Necr           83%        3d27      1%          4
f - Irradiate             Conj/Tmut      41%        3d25      1%          5
g - Statue Form           Tmut/Erth      55%        N/A       1%          6
h - Lee's Rapid Deconstr  Erth           41%        3d20*     1%          5
j - Spellforged Servitor  Conj/Summ      41%        N/A       3%          7

Your spell library contained the following spells:

 Spells                   Type           Power      Damage    Failure   Level
 Apportation              Tloc           100%       N/A       0%          1
 Kiss of Death            Conj/Necr      100%       2d13      0%          1
 Magic Dart               Conj           100%       1d8       0%          1
 Necrotise                Necr           100%       1d9       0%          1
 Sandblast                Erth           100%       2d20      0%          1
 Summon Small Mammal      Summ           100%       N/A       0%          1
 Blink                    Tloc           100%       N/A       0%          2
 Call Imp                 Summ           83%        N/A       0%          2
 Cigotuvi's Dreadful Rot  Necr/Pois/Air  100%       N/A       0%          2
 Ensorcelled Hibernation  Hex/Ice        100%       N/A       0%          2
 Lesser Beckoning         Tloc           100%       N/A       0%          2
 Momentum Strike          Conj/Tloc      100%       3d10      0%          2
 Passwall                 Tmut/Erth      69%        N/A       0%          2
 Poisonous Vapours        Pois/Air       100%       N/A       0%          2
 Searing Ray              Conj           100%       2d8       0%          2
 Sublimation of Blood     Necr           83%        N/A       0%          2
 Hailstorm                Conj/Ice       85%        3d17      0%          3
 Ozocubu's Armour         Ice            87%        N/A       0%          3
 Call Canine Familiar     Summ           83%        N/A       1%          3
 Confusing Touch          Hex            83%        N/A       1%          3
 Dazzling Flash           Conj/Hex       100%       N/A       1%          3
 Gell's Gravitas          Tloc           83%        N/A       1%          3
 Ignite Poison            Fire/Tmut/Pois 83%        N/A       1%          3
 Inner Flame              Hex/Fire       83%        N/A       1%          3
 Kindle Blastsparks       Fire/Tloc/Air  100%       2d18      1%          3
 Mephitic Cloud           Conj/Pois/Air  83%        N/A       1%          3
 Portal Projectile        Hex/Tloc       100%       N/A       1%          3
 Stone Arrow              Conj/Erth      100%       3d13      1%          3
 Summon Guardian Golem    Hex/Summ       83%        N/A       1%          3
 Swiftness                Air            83%        N/A       1%          3
 Teleport Other           Tloc           83%        N/A       1%          3
 Vampiric Draining        Necr           83%        2d11      1%          3
 Cause Fear               Hex            41%        N/A       1%          4
 Fulminant Prism          Conj/Hex       41%        3d19      1%          4
 Ice Form                 Ice/Tmut       85%        N/A       1%          4
 Iskenderun's Mystic Bla  Conj/Tloc      83%        2d16      1%          4
 Leda's Liquefaction      Hex/Erth       41%        N/A       1%          4
 Olgreb's Toxic Radiance  Pois           83%        N/A       1%          4
 Passage of Golubria      Tloc           83%        N/A       1%          4
 Petrify                  Tmut/Erth      83%        N/A       1%          4
 Sticky Flame             Conj/Fire      83%        2d9       1%          4
 Summon Ice Beast         Ice/Summ       85%        N/A       1%          4
 Agony                    Necr           83%        N/A       1%          5
 Blade Hands              Tmut           41%        N/A       1%          5
 Metabolic Englaciation   Hex/Ice        42%        N/A       1%          5
 Silence                  Hex/Air        41%        N/A       1%          5
 Starburst                Conj/Fire      41%        6d12      1%          6
 Ozocubu's Refrigeration  Ice            43%        4d17      1%          7
 Dragon Form              Tmut           41%        N/A       3%          7
 Enfeeble                 Hex            41%        N/A       3%          7
 Orb of Destruction       Conj           41%        9d11      3%          7
 Borgnjor's Revivificati  Necr           41%        N/A       26%         8
 Discord                  Hex            41%        N/A       26%         8
 Necromutation            Tmut/Necr      41%        N/A       26%         8
 Death's Door             Necr           41%        N/A       98%         9
 Simulacrum               Ice/Necr       Unusable   N/A       N/A         6

Dungeon Overview and Level Annotations

Branches:
Dungeon (15/15)            Temple (0/1) D:7            Lair (5/5) D:8
  Swamp (4/4) Lair:2        Snake (4/4) Lair:2        Slime (0/5) Lair:4
    Orc (2/2) D:9             Elf (3/3) Orc:2        Vaults (4/5) D:14
  Crypt (0/3) Vaults:2     Depths (3/4) D:15

Altars:
Ashenzari
Cheibriados
Dithmenos
Gozag
Hepliaklqana
Kikubaaqudgha
Makhleb
Nemelex Xobeh
Qazlal
Sif Muna
Uskayaw
Vehumet
Yredelemnul
The Shining One
Jiyva

Shops:
D:2 (   D:6 *   D:8 !![!(   D:13 *   D:15 *?**!:?   Orc:1 **   Orc:2 [*(:
Elf:1 *?   Elf:2 *   Elf:3 [=   Snake:1 :   Snake:3 *!?*

Portals:
Hell: Depths:1 Depths:2
Pandemonium: Depths:2


Innate Abilities, Weirdness & Mutations

You are a living statue of rough stone.
Your actions are slow, but your melee attacks are powerful.
You are resistant to unholy torment.
Your maximum health is greatly increased.
You are immune to poison.
Your equipment is partially melded.
You have very sharp teeth.
Your uncanny sense of smell can sniff out nearby items.
Your experience applies equally to all skills.
Your skin changes colour to match your surroundings (Stealth+).
Your flesh is cold resistant. (rC+)
You are robust. (+10% HP)
You expend magic power (3 MP) to strengthen your wands.


Message History

Confirm with . or Enter, or press ? or * to list all spells.
Casting: Ignition (dangerous; 26% risk of failure)
Press: ? - help, Dir - look around, f - activate The air bursts into flame!
The fireball engulfs the frost giant!
The frost giant is almost dead.
The fireball engulfs the caustic shrike!
The caustic shrike resists.
The caustic shrike is almost dead.
The caustic shrike is no longer distracted by gold.
The caustic shrike screeches!
The fireball engulfs the caustic shrike!
The caustic shrike resists.
The caustic shrike is severely wounded.
The caustic shrike is no longer distracted by gold.
The fireball engulfs the fire giant.
The fire giant resists.
The fire giant is moderately wounded.
The fireball engulfs the iron dragon.
The iron dragon resists.
The iron dragon is severely wounded.
The fireball engulfs the iron dragon.
The iron dragon resists.
The iron dragon is severely wounded.
The fireball engulfs the caustic shrike.
The caustic shrike resists.
The caustic shrike is severely wounded.
The fireball engulfs the caustic shrike.
The caustic shrike resists.
The caustic shrike is almost dead.
The fireball engulfs the frost giant!!
You kill the frost giant!
You hear an angry buzzing noise.
You hear a shout!
You hear a deafening roar!
The caustic shrike completely misses you.
You block the caustic shrike's attack.
The caustic shrike completely misses you.
The caustic shrike claws you!!
* * * LOW HITPOINT WARNING * * *
You are splashed with acid.
You resist.
* * * LOW HITPOINT WARNING * * *
The fire giant points at you and mumbles some strange words.
The fireball explodes!
The fireball engulfs you!!!
You die...
Your body crumbles into a pile of gold.

.. #. .#
... #.# )#
....#..##.#
. ..#.#...#
.........?
...^#.....#
#.......#.#
#....8#.#
#....bb.#
#.....#.".#
#...#C#D..#
#.. # #$#.#
#.#.#.#$#$#
# #..uC<$$#
###.#$#.#
#C#.....


You could see an iron dragon, 2 caustic shrikes, a frost giant and a fire giant.

Vanquished Creatures
  A golden dragon (Vaults:1)
  Jorgrun (Orc:2)
  5 deep elf blademasters
  The ghost of Akuuror the Warrior, an adept GrFi of Okawaru (Snake:1)
  A sphinx (Vaults:4)
  Frances (Swamp:1)
  Gastronok (Orc:1)
  2 deep elf master archers (Elf:3)
  A thorn hunter (Swamp:4)
  A storm dragon (Elf:3)
  A tengu reaver (Depths:2)
  Roxanne (Swamp:2)
  5 fenstrider witches (Swamp:4)
  3 nagarajas
  An iron dragon (Elf:3)
  The ghost of Tuenlyrph the Unseen, an adept SpEn of Hepliaklqana (Swamp:1)
  2 fire giants
  2 frost giants
  7 deep elf sorcerers
  5 vault wardens
  7 deep elf elementalists
  A reaper (Swamp:4)
  2 ghouls
  3 orc warlords
  10 ironbound preservers
  5 stone giants
  A vampire knight (Depths:1)
  A war gargoyle (Vaults:1)
  14 very ugly things
  An ironbound thunderhulk (Vaults:3)
  A deep elf demonologist (Elf:3)
  4 deep elf annihilators
  4 eleionomae
  2 dire elephants (Vaults:1)
  A spark wasp (Depths:2)
  5 bunyips
  3 ettins
  3 deep elf death magi (Elf:3)
  A green death (Swamp:4)
  2 shambling mangroves (Swamp:4)
  5 jiangshi
  Josephine (Swamp:1)
  4 yaktaur captains
  The ghost of MCDelver the Arsonist, a journeyman OpFE of Gozag (Orc:1)
  A deep elf high priest (Vaults:1)
  2 great orbs of eyes
  An entropy weaver (Vaults:3)
  2 rakshasas
  17 hydras
  3 spriggan air magi (Depths:3)
  14 vault guards
  Fannar (Lair:2)
  A catoblepas (Lair:5)
  2 merfolk aquamancers (Depths:1)
  3 ironbound frosthearts
  3 ghost crabs
  4 salamander tyrants
  11 centaur warriors
  5 ogre magi
  14 naga warriors
  9 alligators
  4 boulder beetles
  11 anacondas
  10 two-headed ogres
  2 tengu warriors
  11 deep troll shamans
  A vampire mage (Depths:2)
  7 death yaks
  An orc high priest (Orc:2)
  6 deep troll earth magi
  21 dancing weapons
  6 naga sharpshooters
  17 deep elf knights
  12 spriggans
  11 shock serpents
  Nergalle (Orc:2)
  2 spriggan berserkers
  Amaemon (Lair:2)
  5 salamander mystics
  Sonja (Lair:4)
  A soul eater (Swamp:4)
  7 iron trolls
  3 death drakes (Swamp:4)
  A storm dragon skeleton (Depths:2)
  8 sea snakes (Snake:4)
  Lodul (D:13)
  3 goliath frogs
  A sixfirhy (Swamp:4)
  2 glowing orange brains
  11 spriggan druids
  6 swamp dragons
  A skyshark (Lair:4)
  6 naga ritualists
  3 lindwurms
  9 wizards
  36 deep trolls
  3 orc knights (Orc:2)
  A golden dragon skeleton (Depths:2)
  4 bog bodies
  6 ironbound convokers
  10 deep elf archers
  21 deep elf zephyrmancers
  Pikel (D:7)
  A harpy (Vaults:1)
  4 mana vipers
  A fire giant zombie (Depths:2)
  2 necromancers
  6 orc sorcerers
  4 will-o-the-wisps
  4 cyclopes
  2 manticores
  29 deep elf pyromancers
  20 ugly things
  14 salamanders
  A moth of wrath (Snake:1)
  15 naga magi
  A water nymph (shapeshifter) (D:13)
  4 vault sentinels
  35 black mambas
  5 guardian serpents
  A water nymph (Depths:1)
  2 torpor snails
  5 orange demons
  Maggie (Lair:2)
  2 gargoyles
  21 cane toads
  2 kobold demonologists (D:12)
  2 unseen horrors
  2 rime drakes
  8 komodo dragons
  A tengu conjurer (D:15)
  12 yaktaurs
  An efreet (D:15)
  2 queen bees (shapeshifter)
  9 trolls
  A wolf spider simulacrum (D:15)
  2 merfolk
  5 polar bears (Lair:4)
  6 meliai
  13 hornets
  4 hellwings (Swamp:4)
  19 blink frogs
  8 tyrant leeches
  5 dream sheep
  19 slime creatures
  A centaur simulacrum (D:14)
  2 water elementals (Elf:3)
  3 air elementals
  A shadow (D:9)
  A wyvern (Lair:2)
  2 fire bats (D:4)
  6 wraiths
  4 humans (D:7)
  58 yaks
  A basilisk (Lair:2)
  A human (shapeshifter) (Elf:1)
  2 neqoxecs (Swamp:4)
  A fire elemental (Elf:2)
  30 vampire mosquitoes
  A chaos spawn (Swamp:4)
  17 swamp worms
  26 nagas
  2 wargs (Orc:1)
  8 water moccasins
  27 orc warriors
  2 acid dragons
  3 black bears
  A sky beast (D:5)
  18 ogres
  A boggart (Vaults:3)
  10 centaurs
  7 wolves
  2 lemures (D:7)
  An elf simulacrum (Vaults:4)
  2 phantoms (D:6)
  4 kobold brigands
  17 bullfrogs
  4 earth elementals
  3 necrophages
  A scorpion (D:4)
  9 wights
  12 killer bees
  A vampire bat (D:9)
  7 howler monkeys
  10 electric eels
  3 jellies
  Crazy Yiuf (D:3)
  3 hounds
  10 orc priests
  3 iguanas (D:4)
  Jessica (D:3)
  9 hell rats
  23 orc wizards
  3 river rats (D:8)
  6 adders
  A shadow imp (D:5)
  2 white imps
  2 ufetubi
  2 worms
  A dart slug (D:4)
  62 orcs
  5 endoplasms
  3 giant cockroaches (D:1)
  12 goblins
  10 hobgoblins
  11 jackals
  3 quokkas
  5 ball pythons
  10 bats
  5 frilled lizards
  16 kobolds
  2 rats
  5 fire vortices (Elf:3)
1322 creatures vanquished.

Vanquished Creatures (collateral kills)
  3 caustic shrikes (Depths:1)
  A deep elf blademaster (Elf:3)
  A deep elf master archer (Elf:3)
  A tengu reaver (Vaults:3)
  2 sphinxes
  Donald (Orc:1)
  A fenstrider witch (Swamp:3)
  A fire giant (Vaults:1)
  2 deep elf sorcerers
  A vault warden (Vaults:4)
  A frost giant (Vaults:2)
  A balrug (Depths:2)
  3 ironbound preservers
  A deep elf elementalist (Elf:3)
  6 very ugly things
  2 war gargoyles
  A stone giant (shapeshifter) (Vaults:1)
  A stone giant (Depths:1)
  5 ironbound thunderhulks
  Nessos (Orc:2)
  2 eleionomae
  2 dire elephants (Vaults:1)
  A deep elf demonologist (Elf:3)
  3 deep elf annihilators (Elf:3)
  4 spark wasps (Depths:2)
  2 deep elf death magi
  2 fire dragons (Depths:2)
  A crystal guardian (Vaults:3)
  2 ettins
  A jiangshi (Depths:1)
  2 deep elf high priests
  3 great orbs of eyes
  A rakshasa (Vaults:3)
  3 peacekeepers
  3 salamander tyrants (Depths:1)
  An ice dragon (Depths:2)
  3 yaktaur captains
  A spriggan air mage (Depths:1)
  Erolcha (Orc:2)
  3 hydras
  3 vault guards
  2 anacondas
  5 centaur warriors (Vaults:1)
  A boulder beetle (Vaults:3)
  4 dancing weapons (Elf:2)
  The ghost of Anon1729 the Spear-Bearer, a novice MiMo of Qazlal (Lair:1)
  A deep troll shaman (Depths:1)
  An ironbound frostheart (Vaults:1)
  4 deep troll earth magi
  An alligator (Swamp:3)
  A sun demon (Depths:2)
  2 vampire magi
  2 deep elf knights
  3 iron trolls
  7 deep elf archers
  A goliath frog (Swamp:2)
  3 lindwurms
  14 deep trolls
  10 deep elf pyromancers
  An orc knight (Orc:2)
  2 bog bodies
  3 wizards
  2 phantasmal warriors (Depths:1)
  3 ironbound convokers
  A salamander (Snake:4)
  A will-o-the-wisp (Swamp:1)
  9 deep elf zephyrmancers
  10 ugly things
  2 black mambas
  A guardian serpent (Depths:1)
  A smoke demon (Depths:2)
  A vault sentinel (Vaults:3)
  A naga mage (Snake:2)
  5 cane toads
  A tengu conjurer (Depths:2)
  7 yaktaurs
  A troll (Orc:2)
  A hornet (Swamp:4)
  2 polar bears (Lair:4)
  3 dream sheep (Lair:4)
  10 slime creatures
  3 spriggans
  A water elemental (Elf:1)
  A wyvern (Lair:1)
  A yak (Lair:5)
  A fire elemental (Elf:3)
  2 swamp worms
  2 nagas
  A warg (Orc:2)
  A swamp drake (Swamp:2)
  An orc warrior (Orc:2)
  3 ogres
  2 bullfrogs (Lair:5)
  An orc priest (Orc:2)
  2 orc wizards
  6 orcs
239 creatures vanquished.

Vanquished Creatures (others)
  A wizard (Elf:3)
  A vampire mage (Depths:2)
  A deep elf knight (Elf:1)
  4 deep elf zephyrmancers (Elf:3)
  A deep elf pyromancer (Elf:3)
  A mana viper (Snake:1)
  2 bloated husks (Swamp:4)
  An orc wizard (Orc:1)
  A hell rat (Lair:2)
  A fire vortex (Elf:3)
  25 foxfires
  34 fungi
  101 plants
  5 toadstools (D:1)
  2 withered plants (Lair:1)
181 creatures vanquished.

Grand Total: 1742 creatures vanquished

Notes
Turn   | Place    | Note
-------+----------+-------------------------------------------
     0 | D:1      | Crownlay the Gnoll Ice Elementalist began the quest for the
                  | Orb.
     0 | D:1      | Reached XP level 1. HP: 13/13 MP: 6/6
   129 | D:1      | Reached XP level 2. HP: 19/19 MP: 5/7
  1015 | D:2      | Reached skill level 5 in Spellcasting
  1015 | D:2      | Reached XP level 3. HP: 25/25 MP: 6/9
  1055 | D:2      | Learned a level 3 spell: Frozen Ramparts
  1059 | D:2      | Learned a level 3 spell: Ozocubu's Armour
  1117 | D:2      | Reached skill level 1 in Invocations
  1199 | D:2      | Found a basalt altar of Yredelemnul.
  1328 | D:2      | Reached skill level 1 in Fighting
  1328 | D:2      | Reached skill level 1 in Short Blades
  1328 | D:2      | Reached skill level 1 in Long Blades
  1328 | D:2      | Reached skill level 1 in Axes
  1328 | D:2      | Reached skill level 1 in Maces & Flails
  1328 | D:2      | Reached skill level 1 in Polearms
  1328 | D:2      | Reached skill level 1 in Staves
  1328 | D:2      | Reached skill level 1 in Ranged Weapons
  1328 | D:2      | Reached skill level 1 in Throwing
  1328 | D:2      | Reached skill level 1 in Armour
  1328 | D:2      | Reached skill level 1 in Shields
  1328 | D:2      | Reached skill level 1 in Unarmed Combat
  1328 | D:2      | Reached skill level 1 in Evocations
  1448 | D:2      | You fall into a shaft and drop 1 floor!
  1563 | D:2      | Reached XP level 4. HP: 28/32 MP: 7/11
  1657 | D:2      | Found Vejub's Weapon Shoppe.
  2116 | D:3      | Noticed Jessica
  2119 | D:3      | Killed Jessica
  2120 | D:3      | Reached skill level 1 in Conjurations
  2120 | D:3      | Reached skill level 1 in Hexes
  2120 | D:3      | Reached skill level 1 in Summonings
  2120 | D:3      | Reached skill level 1 in Necromancy
  2120 | D:3      | Reached skill level 1 in Translocations
  2120 | D:3      | Reached skill level 1 in Transmutations
  2120 | D:3      | Reached skill level 1 in Fire Magic
  2120 | D:3      | Reached skill level 1 in Air Magic
  2120 | D:3      | Reached skill level 1 in Earth Magic
  2120 | D:3      | Reached skill level 1 in Poison Magic
  2395 | D:3      | Found a runed translucent door.
  2396 | D:3      | Noticed Crazy Yiuf
  2515 | D:3      | Found a faded altar of an unknown god.
  2801 | D:3      | Killed Crazy Yiuf
  2802 | D:3      | Reached XP level 5. HP: 29/37 MP: 3/12
  3259 | D:4      | Reached XP level 6. HP: 39/44 MP: 9/13
  3315 | D:4      | Found a transporter.
  3315 | D:4      | Noticed a fire bat
  3322 | D:4      | Reached skill level 5 in Dodging
  3362 | D:4      | Noticed a fire bat
  3548 | D:4      | Noticed a black bear
  3558 | D:4      | Killed a black bear
  3559 | D:4      | Reached XP level 7. HP: 50/50 MP: 9/15
  4015 | D:4      | Found a transporter.
  4425 | D:5      | Entered Level 5 of the Dungeon
  4428 | D:5      | Found a hazy altar of Hepliaklqana.
  4674 | D:5      | Reached skill level 5 in Stealth
  5249 | D:5      | Found a stormy altar of Qazlal.
  5253 | D:5      | Found a snail-covered altar of Cheibriados.
  5289 | D:6      | Reached XP level 8. HP: 20/58 MP: 10/16
  5620 | D:6      | Found Rothru Obyju's Specific Store.
  5622 | D:6      | Found Baenoebu's General Store.
  5634 | D:6      | Identified the +5 falchion "Fip Ynga" {elec, Will+}
  5780 | D:6      | Bought a scroll of fear for 40 gold pieces
  5784 | D:6      | Bought a potion of curing for 39 gold pieces
  5784 | D:6      | Bought a potion of heal wounds for 65 gold pieces
  5784 | D:6      | Bought a potion of ambrosia for 104 gold pieces
  6303 | D:7      | Found an opulent altar of Gozag.
  6314 | D:7      | Reached XP level 9. HP: 65/65 MP: 18/18
  6400 | D:7      | Became a worshipper of Gozag Ym Sagoz the Greedy
  6688 | D:7      | Found a staircase to the Ecumenical Temple.
  6725 | D:7      | Noticed Pikel
  6739 | D:7      | Killed Pikel
  6755 | D:7      | Reached skill level 5 in Invocations
  7305 | D:7      | Learned a level 4 spell: Summon Ice Beast
  7453 | D:8      | Found Waelio Meha's Distillery.
  7456 | D:8      | Bought a potion of flight for 42 gold pieces
  7456 | D:8      | Bought a potion of attraction for 42 gold pieces
  7456 | D:8      | Bought a potion of degeneration for 14 gold pieces
  7597 | D:8      | Noticed a death yak
  7598 | D:8      | Noticed a death yak
  7598 | D:8      | Noticed a death yak
  7624 | D:8      | Killed a death yak
  7625 | D:8      | Reached skill level 5 in Fighting
  7625 | D:8      | Reached skill level 5 in Short Blades
  7625 | D:8      | Reached skill level 5 in Long Blades
  7625 | D:8      | Reached skill level 5 in Axes
  7625 | D:8      | Reached skill level 5 in Maces & Flails
  7625 | D:8      | Reached skill level 5 in Polearms
  7625 | D:8      | Reached skill level 5 in Staves
  7625 | D:8      | Reached skill level 5 in Ranged Weapons
  7625 | D:8      | Reached skill level 5 in Throwing
  7625 | D:8      | Reached skill level 5 in Armour
  7625 | D:8      | Reached skill level 5 in Shields
  7625 | D:8      | Reached skill level 5 in Unarmed Combat
  7625 | D:8      | Reached skill level 5 in Evocations
  7625 | D:8      | Reached XP level 10. HP: 37/74 MP: 8/20
  7636 | D:8      | Killed a death yak
  7644 | D:8      | Killed a death yak
  7776 | D:8      | Found a staircase to the Lair.
  8296 | D:8      | Identified the +7 spear "Suwuec" {heavy, rN+ Int+3 Dex+3}
  8351 | D:8      | Found Oqod's Weapon Boutique.
  8456 | D:8      | Found Tadec's Armour Emporium.
  8532 | D:8      | Found Tullu's Distillery.
  8680 | D:8      | Found Ona Umoo's Distillery.
  9040 | D:9      | Reached skill level 5 in Conjurations
  9040 | D:9      | Reached skill level 5 in Hexes
  9040 | D:9      | Reached skill level 5 in Summonings
  9040 | D:9      | Reached skill level 5 in Necromancy
  9040 | D:9      | Reached skill level 5 in Translocations
  9040 | D:9      | Reached skill level 5 in Transmutations
  9040 | D:9      | Reached skill level 5 in Fire Magic
  9040 | D:9      | Reached skill level 5 in Air Magic
  9040 | D:9      | Reached skill level 5 in Earth Magic
  9040 | D:9      | Reached skill level 5 in Poison Magic
  9042 | D:9      | Reached XP level 11. HP: 69/81 MP: 16/22
  9852 | D:9      | Found an ancient bone altar of Kikubaaqudgha.
  9852 | D:9      | Found a glowing golden altar of the Shining One.
  9882 | D:9      | Found a shadowy altar of Dithmenos.
 10033 | D:9      | Found a staircase to the Orcish Mines.
 10301 | D:8      | Bought a potion of experience for 750 gold pieces
 10301 | D:8      | Reached XP level 12. HP: 91/91 MP: 23/25
 10363 | D:10     | Entered Level 10 of the Dungeon
 10402 | Lair:1   | Entered Level 1 of the Lair of Beasts
 10674 | Lair:1   | Noticed a boulder beetle
 10704 | Lair:1   | Killed a boulder beetle
 10964 | Lair:1   | Noticed Anon1729's ghost (novice MiMo)
 11100 | Lair:1   | Found a runed translucent door.
 11847 | Lair:2   | Noticed Fannar
 11880 | Lair:2   | Killed Fannar
 12030 | Lair:2   | Noticed Amaemon
 12046 | Lair:2   | Killed Amaemon
 12047 | Lair:2   | Reached XP level 13. HP: 72/98 MP: 20/26
 12346 | Lair:2   | Noticed Maggie
 12360 | Lair:2   | Killed Maggie
 12623 | Lair:2   | Found a staircase to the Snake Pit.
 12678 | Lair:2   | Reached skill level 10 in Ice Magic
 13332 | Lair:2   | Found a staircase to the Swamp.
 14256 | Lair:4   | Reached skill level 10 in Spellcasting
 14937 | Lair:4   | Identified the +2 robe "Haut" {Rampage rCorr Int-2}
 14963 | Lair:4   | Noticed Sonja
 14973 | Lair:4   | Killed Sonja
 15108 | Lair:4   | Found a viscous altar of Jiyva.
 15108 | Lair:4   | Found a staircase to the Slime Pits.
 15212 | Lair:4   | Reached skill level 10 in Dodging
 16034 | Lair:4   | Learned a level 4 spell: Dispel Undead
 16051 | Lair:5   | Entered Level 5 of the Lair of Beasts
 16088 | Lair:5   | Reached skill level 10 in Stealth
 16522 | Lair:5   | Reached XP level 14. HP: 103/108 MP: 22/28
 16664 | Lair:4   | Reached skill level 10 in Invocations
 18988 | Orc:1    | Entered Level 1 of the Orcish Mines
 19002 | Orc:1    | Noticed Gastronok
 19027 | Orc:1    | Killed Gastronok
 19243 | Orc:1    | Found Pesuar's Gadget Gallery.
 19260 | Orc:1    | Found Eria's General Store.
 19298 | Orc:1    | Bought a scroll of magic mapping for 112 gold pieces
 19298 | Orc:1    | Bought a scroll of brand weapon for 142 gold pieces
 19416 | Orc:1    | Found a runed translucent door.
 19417 | Orc:1    | Noticed MCDelver's ghost (journeyman OpFE)
 19752 | Orc:1    | Killed MCDelver's ghost
 19798 | Orc:2    | Entered Level 2 of the Orcish Mines
 19818 | Orc:2    | Noticed Donald
 19855 | Orc:1    | Killed Donald
 19856 | Orc:1    | Reached skill level 10 in Fighting
 19856 | Orc:1    | Reached skill level 10 in Short Blades
 19856 | Orc:1    | Reached skill level 10 in Long Blades
 19856 | Orc:1    | Reached skill level 10 in Axes
 19856 | Orc:1    | Reached skill level 10 in Maces & Flails
 19856 | Orc:1    | Reached skill level 10 in Polearms
 19856 | Orc:1    | Reached skill level 10 in Staves
 19856 | Orc:1    | Reached skill level 10 in Ranged Weapons
 19856 | Orc:1    | Reached skill level 10 in Throwing
 19856 | Orc:1    | Reached skill level 10 in Armour
 19856 | Orc:1    | Reached skill level 10 in Shields
 19856 | Orc:1    | Reached skill level 10 in Unarmed Combat
 19856 | Orc:1    | Reached skill level 10 in Evocations
 20106 | Orc:2    | Noticed Jorgrun
 20184 | Orc:1    | Learned a level 5 spell: Irradiate
 20207 | Orc:2    | Killed Jorgrun
 20208 | Orc:2    | Reached XP level 15. HP: 100/115 MP: 20/30
 20211 | Orc:2    | Noticed Nessos
 20386 | Orc:2    | Killed Nessos
 20396 | Orc:2    | Noticed an orc warlord
 20409 | Orc:2    | Killed an orc warlord
 20414 | Orc:2    | Gained mutation: You are clumsy. (Dex -2) [mutagenic glow]
 20745 | Orc:2    | Found a burning altar of Makhleb.
 20840 | Orc:2    | Found a staircase to the Elven Halls.
 20912 | Orc:2    | Noticed an orc warlord
 20914 | Orc:2    | Noticed Nergalle
 20927 | Orc:2    | Killed Nergalle
 20945 | Orc:2    | Killed an orc warlord
 21241 | Orc:2    | Found Ytimi's General Store.
 21259 | Orc:2    | Bought 2 potions of heal wounds for 140 gold pieces
 21259 | Orc:2    | Bought a potion of might for 56 gold pieces
 21458 | Orc:2    | Found Fyabueru's Antique Armour Shoppe.
 21576 | Orc:2    | Found Amivvo's Antique Weapon Shoppe.
 21591 | Orc:2    | Found Fozavu's Book Shoppe.
 21598 | Orc:2    | Bought a book of the Earth for 432 gold pieces
 21605 | Orc:2    | Learned a level 6 spell: Statue Form
 21736 | Orc:2    | Noticed Erolcha
 21752 | Orc:2    | Killed Erolcha
 21811 | Orc:2    | Learned a level 5 spell: Lee's Rapid Deconstruction
 24772 | D:12     | Identified the +4 whip of Fedhas, Transmuting {vamp, Int+3}
 25376 | D:13     | Found Qewnis's General Store.
 25546 | D:13     | Noticed Lodul
 25554 | D:13     | Killed Lodul
 26071 | D:14     | Found a gate to the Vaults.
 26079 | D:14     | Reached XP level 16. HP: 124/124 MP: 31/31
 26468 | D:14     | Found a broken altar of Ashenzari.
 27104 | D:15     | Entered Level 15 of the Dungeon
 27106 | D:15     | Found Cihonk's General Store.
 27107 | D:15     | Found Lemeuch's Distillery.
 27382 | D:15     | Bought a potion of invisibility for 120 gold pieces
 27382 | D:15     | Bought a potion of berserk rage for 75 gold pieces
 27382 | D:15     | Bought a potion of curing for 45 gold pieces
 27382 | D:15     | Bought a potion of haste for 150 gold pieces
 27394 | D:15     | Bought a potion of lignification for 48 gold pieces
 27507 | D:15     | Found a faded altar of an unknown god.
 27738 | D:15     | Found Amen Vev's General Store.
 27838 | D:15     | Found a sparkling altar of Nemelex Xobeh.
 27877 | D:15     | Found Pebuxy's Magic Scroll Boutique.
 27885 | D:15     | Bought a scroll of silence for 142 gold pieces
 27888 | D:15     | Found a staircase to the Depths.
 28012 | D:15     | Bought a Necronomicon for 1176 gold pieces
 28162 | Swamp:1  | Entered Level 1 of the Swamp
 28162 | Swamp:1  | Noticed Tuenlyrph's ghost (adept SpEn)
 28162 | Swamp:1  | Found a runed translucent door.
 28601 | Lair:1   | Killed Anon1729's ghost
 28697 | Swamp:1  | Identified the +8 spear "Quer" {distort, rElec rN+}
 28845 | Swamp:1  | Noticed Josephine
 28846 | Swamp:1  | Gained mutation: You occasionally shout uncontrollably at
                  | your foes. [mutagenic glow]
 28852 | Swamp:1  | Noticed Frances
 28853 | Swamp:1  | Gained mutation: You do not regenerate when monsters are
                  | visible. [mutagenic glow]
 28864 | Swamp:1  | HP: 3/126 [bunyip[a spriggan druid] (32)]
 28895 | Lair:2   | Gained mutation: Your flesh is cold resistant. (rC+)
                  | [mutagenic glow]
 29133 | Swamp:1  | Killed Josephine
 29139 | Swamp:1  | Gained mutation: You occasionally lose the ability to read
                  | scrolls when taking damage. [mutagenic glow]
 29207 | Lair:2   | Lost mutation: You do not regenerate when monsters are
                  | visible. [potion of mutation]
 29207 | Lair:2   | Lost mutation: You occasionally shout uncontrollably at
                  | your foes. [potion of mutation]
 29207 | Lair:2   | Lost mutation: You occasionally lose the ability to read
                  | scrolls when taking damage. [potion of mutation]
 29207 | Lair:2   | Gained mutation: You are vulnerable to heat. (rF-) [potion
                  | of mutation]
 29207 | Lair:2   | Gained mutation: Your flesh is very cold resistant. (rC++)
                  | [potion of mutation]
 29208 | Lair:2   | Lost mutation: Your flesh is very cold resistant. (rC++)
                  | [potion of mutation]
 29208 | Lair:2   | Lost mutation: You are vulnerable to heat. (rF-) [potion of
                  | mutation]
 29208 | Lair:2   | Lost mutation: You are clumsy. (Dex -2) [potion of
                  | mutation]
 29208 | Lair:2   | Gained mutation: Your skin changes colour to match your
                  | surroundings (Stealth+). [potion of mutation]
 29208 | Lair:2   | Gained mutation: You are robust. (+10% HP) [potion of
                  | mutation]
 29240 | Lair:2   | Learned a level 3 spell: Stone Arrow
 29253 | Swamp:1  | Killed Frances
 30196 | Orc:2    | Bought a pair of runed gloves for 270 gold pieces
 30687 | Swamp:2  | Reached XP level 17. HP: 146/146 MP: 33/33
 30912 | Swamp:2  | Noticed Roxanne
 30917 | Swamp:2  | Killed Roxanne
 31419 | Swamp:3  | Reached skill level 10 in Conjurations
 31419 | Swamp:3  | Reached skill level 10 in Hexes
 31419 | Swamp:3  | Reached skill level 10 in Summonings
 31419 | Swamp:3  | Reached skill level 10 in Necromancy
 31419 | Swamp:3  | Reached skill level 10 in Translocations
 31419 | Swamp:3  | Reached skill level 10 in Transmutations
 31419 | Swamp:3  | Reached skill level 10 in Fire Magic
 31419 | Swamp:3  | Reached skill level 10 in Air Magic
 31419 | Swamp:3  | Reached skill level 10 in Earth Magic
 31419 | Swamp:3  | Reached skill level 10 in Poison Magic
 32502 | Swamp:4  | Entered Level 4 of the Swamp
 32966 | Swamp:4  | Paralysed by a fenstrider witch for 4 turns
 33662 | Swamp:4  | Paralysed by a fenstrider witch for 5 turns
 34224 | Swamp:4  | Reached XP level 18. HP: 155/155 MP: 32/35
 34475 | Swamp:4  | Learned a level 7 spell: Spellforged Servitor
 34684 | Swamp:4  | Got a decaying rune of Zot
 35072 | Orc:2    | Bought a book of the Moon for 480 gold pieces
 35082 | Orc:2    | Learned a level 8 spell: Lehudib's Crystal Spear
 35213 | Snake:1  | Entered Level 1 of the Snake Pit
 35252 | Snake:1  | Found Umuo's Book Boutique.
 35548 | Snake:1  | Found a transporter.
 35566 | Snake:1  | Noticed Akuuror's ghost (adept GrFi)
 35583 | Snake:1  | Identified the +4 scale mail of Reason {*Slow Int+7 SInv}
 35726 | Snake:1  | Found a transporter.
 36426 | Snake:1  | Killed Akuuror's ghost
 36490 | Snake:1  | Identified the amulet "Sucsy" {Faith Str+2}
 36499 | Snake:1  | Identified the ring "Deost" {Str+4 Dex+6}
 36508 | Snake:1  | Identified the +2 helmet of Ygeug {Dex+2 SInv}
 37258 | Snake:2  | Learned a level 5 spell: Lee's Rapid Deconstruction
 37918 | Snake:3  | Found Ygut's Assorted Antiques.
 37933 | Snake:3  | Found Juetin's Magic Scroll Emporium.
 37939 | Snake:3  | Bought a runed kite shield for 210 gold pieces
 37967 | Snake:3  | Found Egeliff's Distillery.
 37969 | Snake:3  | Bought a scroll of summoning for 142 gold pieces
 37969 | Snake:3  | Bought a scroll of teleportation for 45 gold pieces
 37969 | Snake:3  | Bought a scroll of teleportation for 45 gold pieces
 37970 | Snake:3  | Found Rerosh's General Store.
 38015 | Snake:3  | Bought a potion of heal wounds for 65 gold pieces
 38015 | Snake:3  | Bought a scroll of teleportation for 39 gold pieces
 38261 | Snake:4  | Entered Level 4 of the Snake Pit
 38322 | Snake:4  | Reached XP level 19. HP: 163/163 MP: 37/37
 38547 | Snake:4  | Identified the +5 battleaxe of Kismet {drain, Dex+4}
 38889 | Snake:4  | Got a serpentine rune of Zot
 39147 | Snake:4  | Found a shadowy altar of Dithmenos.
 39733 | Swamp:1  | Killed Tuenlyrph's ghost
 39836 | Swamp:1  | Identified the +0 pair of boots of Indecent Exposure {rN+}
 40044 | Elf:1    | Entered Level 1 of the Elven Halls
 40886 | Elf:1    | Paralysed by an air elemental for 1 turns
 41140 | Elf:1    | Found Vuezu's Assorted Antiques.
 41162 | Elf:1    | Bought a scroll of blinking for 240 gold pieces
 41162 | Elf:1    | Bought a potion of heal wounds for 160 gold pieces
 41166 | Elf:1    | Found Doestergh's Magic Scroll Shoppe.
 41174 | Elf:1    | Bought a scroll of amnesia for 44 gold pieces
 41746 | Elf:1    | Bought a brass ring for 160 gold pieces
 41945 | Elf:2    | Reached skill level 15 in Invocations
 41968 | Elf:2    | Found a runed translucent gate.
 41969 | Elf:2    | Found a runed translucent gate.
 41969 | Elf:2    | Found a runed translucent gate.
 42142 | Elf:2    | Found a radiant altar of Vehumet.
 42797 | Elf:2    | Reached XP level 20. HP: 173/173 MP: 38/38
 43579 | Elf:3    | Entered Level 3 of the Elven Halls
 44421 | Elf:3    | Paralysed by an air elemental for 1 turns
 44659 | Elf:3    | Noticed a Tzitzimitl
 44696 | Elf:3    | Reached skill level 15 in Spellcasting
 44997 | Elf:3    | Identified the +8 broad axe "Piqyrgho" {spect, rC+++ Int-5}
 45010 | Elf:3    | Reached skill level 15 in Dodging
 45030 | Elf:3    | Reached skill level 15 in Stealth
 45183 | Elf:3    | Identified the +0 chain mail of Ceaxeegu {+Inv Fly rC-
                  | Stlth+}
 45188 | Elf:3    | Identified the ring "Fejudouc" {Fly rN++ rCorr Str-4
                  | Slay+6}
 45206 | Elf:3    | Identified the +9 morningstar of Vengeance {holy, Dex+6
                  | SInv}
 45524 | Elf:3    | Got the Compendium of Spellbinding and Infection
 45560 | Elf:3    | Found the +8 arc blade {discharge, rElec}
 45565 | Elf:3    | Identified the ring "Fyenonuu" {Str+6 Dex+2 Slay+2 SInv}
 45591 | Elf:3    | Identified the +3 ring mail "Rittiwal" {-Tele rElec rF+++
                  | Slay+3}
 45640 | Elf:3    | Identified the ring "Lahokucw" {rElec rPois Dex-2 SInv}
 45845 | Elf:3    | Found Ilacus's Armour Shoppe.
 45853 | Elf:3    | Bought a +2 cloak of preservation for 301 gold pieces
 46453 | D:15     | Bought a scroll of fear for 56 gold pieces
 46471 | Depths:1 | Entered Level 1 of the Depths
 46483 | Depths:1 | Reached XP level 21. HP: 178/182 MP: 29/40
 46656 | D:15     | Bought a scroll of enchant armour for 225 gold pieces
 46676 | D:15     | Learned a level 8 spell: Ignition
 46723 | Vaults:1 | Entered Level 1 of the Vaults
 46729 | Vaults:1 | Noticed a golden dragon
 46735 | Vaults:1 | Killed a golden dragon
 47837 | Vaults:1 | Paralysed by a great orb of eyes for 5 turns
 48061 | Vaults:1 | Identified the +11 arbalest of Capsia {heavy, Will+ Str+2
                  | Int-4}
 48327 | Vaults:1 | Reached skill level 15 in Fighting
 48327 | Vaults:1 | Reached skill level 15 in Short Blades
 48327 | Vaults:1 | Reached skill level 15 in Long Blades
 48327 | Vaults:1 | Reached skill level 15 in Axes
 48327 | Vaults:1 | Reached skill level 15 in Maces & Flails
 48327 | Vaults:1 | Reached skill level 15 in Polearms
 48327 | Vaults:1 | Reached skill level 15 in Staves
 48327 | Vaults:1 | Reached skill level 15 in Ranged Weapons
 48327 | Vaults:1 | Reached skill level 15 in Throwing
 48327 | Vaults:1 | Reached skill level 15 in Armour
 48327 | Vaults:1 | Reached skill level 15 in Shields
 48327 | Vaults:1 | Reached skill level 15 in Unarmed Combat
 48327 | Vaults:1 | Reached skill level 15 in Evocations
 49455 | Vaults:2 | Found a staircase to the Crypt.
 49455 | Vaults:2 | Found a basalt altar of Yredelemnul.
 49457 | Vaults:2 | Found an ancient bone altar of Kikubaaqudgha.
 49742 | Vaults:3 | Reached XP level 22. HP: 114/192 MP: 16/42
 49822 | Vaults:3 | Found a flickering gateway to a bazaar.
 49835 | Bazaar   | Entered a bazaar
 49835 | Bazaar   | Found Dodauw's Antique Weapon Shoppe.
 49835 | Bazaar   | Found Ranto's Magic Scroll Emporium.
 49980 | Bazaar   | Found Xiurao's Armour Shoppe.
 49986 | Bazaar   | Bought a steaming halberd for 225 gold pieces
 49986 | Bazaar   | Identified the +2 halberd "Qaos" {protect, MP+9} (You
                  | bought it in a shop in a bazaar)
 49996 | Bazaar   | Found Moeraseu's General Store.
 50000 | Bazaar   | Bought a scroll of teleportation for 30 gold pieces
 50000 | Bazaar   | Bought a scroll of teleportation for 30 gold pieces
 50000 | Bazaar   | Bought a scroll of fear for 40 gold pieces
 50000 | Bazaar   | Bought a scroll of magic mapping for 75 gold pieces
 50074 | Vaults:3 | Gained mutation: You expend magic power (3 MP) to
                  | strengthen your wands. [mutagenic glow]
 50796 | Vaults:3 | Found a shimmering blue altar of Sif Muna.
 50800 | Vaults:3 | Found a transporter.
 50953 | Vaults:3 | Found a transporter.
 52827 | Vaults:4 | Paralysed by a sphinx for 4 turns
 53454 | Depths:1 | Noticed a caustic shrike
 53455 | Depths:1 | Noticed a caustic shrike
 53457 | Depths:1 | Noticed a caustic shrike
 53465 | Depths:1 | Killed a caustic shrike
 53466 | Depths:1 | Reached skill level 15 in Ice Magic
 53469 | Depths:1 | Killed a caustic shrike
 53472 | Depths:1 | Killed a caustic shrike
 53865 | Depths:1 | Identified the +6 triple crossbow of Boweho Ukko {heavy,
                  | rElec Str+4 Stlth+}
 54638 | Depths:1 | Found a glowing golden altar of the Shining One.
 54876 | Depths:1 | Found a gateway to Hell.
 55016 | Depths:2 | Reached XP level 23. HP: 203/203 MP: 37/43
 55895 | Depths:2 | Identified the +1 plate armour of Purpose {Rampage Will+
                  | Dex-2}
 56053 | Depths:2 | Found a hide-covered altar of Uskayaw.
 56178 | Depths:2 | Found a one-way gate leading to the halls of Pandemonium.
 56595 | Depths:3 | Noticed a caustic shrike
 56595 | Depths:3 | Noticed a caustic shrike
 56609 | Depths:3 | HP: 6/266 [caustic shrike (8)]
 56611 | Depths:3 | Killed from afar by a fire giant

Illustrated notes

Levels and vault maps discovered:
D:1:      ldierk_walled_garden, layout_basic, minmay_misc_feat_rows
D:2:      kennysheep_the_goblin_king, layout_basic, basic_altar, serial_shops,
          shop
D:3:      layout_loops_ring, basic_ecumenical_altar, uniq_jessica,
          uniq_crazy_yiuf_cottage
D:4:      gammafunk_cloud_chamber, layout_loops_corners, roderic_lattice_a,
          minmay_cupped
D:5:      layout_rooms, chequers_temple_overflow_statue_of_worship
D:6:      layout_basic, serial_bayou_pond_e, nicolae_specific_store
D:7:      layout_rooms, mainiacjoe_overflow_boulevard,
          minmay_temple_entry_waves, kennysheep_diamond, minmay_ruffians,
          uniq_pikel
D:8:      layout_layer_cave, dpeg_lair_monsters, serial_shops,
          nicolae_shop_behind_doors, shop_statue, nicolae_shop_stone, shop,
          shop, chequers_serial_rivers_small_b
D:9:      layout_irregular_city, kennysheep_mini,
          gammafunk_temple_overflow_wave, hiddenorc1_lemuel, roderic_batcave,
          worms_lemuel
D:10:     layout_grid_maze, minmay_misc_feat_x, hangedman_fish_farm
D:11:     cheibrodos_helix_gallery, layout_long_grid
D:12:     layout_basic, kennysheep_donut, serial_bayou_pond_e
D:13:     layout_irregular_city, serial_shops, shop, uniq_lodul
D:14:     layout_irregular_city, erik_vaults_2, evilmike_ruin_ashenzari
D:15:     grunt_enter_depths_giant_problem, layout_cave_pools,
          serial_column_ruins, column_ruins_temple_circle,
          column_ruins_open_small, column_ruins_open_small, column_ruins_grid_3,
          column_ruins_open_tiny, column_ruins_open_tiny,
          column_ruins_open_tiny_water, column_ruins_open_tiny_water,
          serial_shops, nicolae_shop_crystal, nicolae_shop_hallway_plus, shop,
          nicolae_shop_trees, nemelex_spade_bored_becter
Lair:1:   layout_loops_ring, gammafunk_ghost_grave, infiniplex_staircase_pool,
          grunt_megastairs_3
Lair:2:   layout_regular_city, nicolae_swamp_entry_splash_gauntlet,
          dummy_snake_entry, lemuel_fruit_fields, uniq_maggie, uniq_fannar,
          uniq_amaemon
Lair:3:   layout_chaotic_city
Lair:4:   layout_long_grid, dpeg_slime_entry_corner, beast_lair_carwin_1,
          uniq_sonja
Lair:5:   minmay_lair_end_frog_pond, layout_big_grid
Swamp:1:  layout_basic_swamp, ebering_ghost_funeral_grove,
          evilmike_swamp_ruin_house_2, nicolae_swamp_small_spring, uniq_frances,
          uniq_josephine
Swamp:2:  layout_basic_swamp, evilmike_swamp_ruin_rubble_2, swamp_pool4,
          uniq_roxanne
Swamp:3:  layout_basic_swamp, serial_swamp_ruin, evilmike_swamp_ruin_house_1,
          evilmike_swamp_ruin_house_3, swamp_pool4, nicolae_swamp_big_swirl
Swamp:4:  nzn_swamp_witches_coven, layout_basic_swamp
Snake:1:  layout_honeycomb, serial_shops, shop,
          gammafunk_ghost_berserking_beasts
Snake:2:  layout_rooms
Snake:3:  layout_onion_interference, nicolae_snake_serpentine_bazaar
Snake:4:  grunt_snake_rune_serpentine_throne, layout_basic, basic_altar
Orc:1:    layout_diamond_mine, gammafunk_ghost_grave, serial_shops,
          nicolae_diamond_shop, nicolae_shop_gadgets, uniq_gastronok
Orc:2:    grunt_orc_cross, layout_caves, bloody_makhleb, uniq_jorgrun,
          uniq_nessos, uniq_erolcha, uniq_donald
Elf:1:    nicolae_elf_arrival_aired_out, layout_gridlike, serial_shops,
          nicolae_shop_stone, nicolae_shop_behind_doors,
          minmay_elf_crystal_hexagon
Elf:2:    nicolae_elf_blades_crystal_corner, layout_onion_city, basic_altar
Elf:3:    minmay_elf_hall, layout_geoelf_castle, serial_shops, shop,
          dilly_guarded_unrand_elemental_staff
Vaults:1: nicolae_vaults_disjoint_gnomons, nicolae_vaults_little_ls,
          v_alt_pattern_5, st_octagons_1, nicolae_vaults_yaktaur_gun_rack,
          dpeg_vaults_monster_box, grunt_vaults_focal, v_alt_pattern_6,
          vaults_room_semicircle, vaults_mumra_minichess, layout_vaults_omnibox
Vaults:2: nicolae_vaults_shelves_hall, minmay_crypt_entry_necro_gods,
          vaults_room_pools, hangedman_vaults_restitches,
          vaults_dpeg_emergency_exit, nicolae_vaults_three_branches,
          vaults_room_semicircle, v_misc_8, v_rooms_4, vaults_dpeg_hooks,
          layout_vaults_big_room
Vaults:3: hangedman_vaults_restitches, gammafunk_sealed_library,
          nicolae_vaults_big_angled_halls, nicolae_vaults_ninety_degrees,
          nicolae_vaults_alarming, nicolae_vaults_what_the_h,
          ontoclasm_vaults_spin, vaults_dpeg_diagonal, vaults_dpeg_ring,
          grunt_vaults_diagonal, vaults_mumra_hexcomb,
          layout_vaults_maze_snakey, serial_shops, bzr_entry_water
Vaults:4: v_alt_pattern_2, hangedman_vaults_hat,
          nicolae_vaults_inception_corners, serial_ice_h,
          nicolae_vaults_shelves_hall, layout_vaults_omnigrid
Depths:1: nicolae_terramorphic_expanse [nicolae_terramorphic_quarter,
          nicolae_terramorphic_quarter, nicolae_terramorphic_quarter,
          nicolae_terramorphic_quarter, nicolae_terramorphic_quarter,
          nicolae_terramorphic_biome, nicolae_terramorphic_biome,
          nicolae_terramorphic_biome, nicolae_terramorphic_biome],
          layout_small_grid, grunt_hell_entry_dis_mu,
          nicolae_tso_swordbearing_angel, fake_guardian_serpent_vault
Depths:2: nicolae_cairo_tiling_very_big, layout_gridlike, lightli_too_deep,
          nrook_mini_backslash, grunt_pan_entry_zigzag,
          nicolae_uskayaw_murder_on_the_dancefloor
Depths:3: minmay_complete_graph, layout_basic, hell_entry,
          minmay_room_of_horrors, nicolae_island_escapes

Skill      XL: |  1  2  3  4  5  6  7  8  9 10 11 12 13 14 15 16 17 18 19 20 21 22 23 |
---------------+----------------------------------------------------------------------+-----
Spellcasting   | 5 6 7 9 10 11 12 13 14 15 16 | 16.9
Invocations    | 1 2 3 4 5 6 8 9 10 11 12 13 14 15 16 17 | 17.6
Fighting       | 1 2 3 5 6 7 9 10 11 12 13 14 15 16 17 | 17.0
Short Blades   | 1 2 3 5 6 7 9 10 11 12 13 14 15 16 | 16.2
Long Blades    | 1 2 3 5 6 7 9 10 11 12 13 14 15 16 | 16.2
Axes           | 1 2 3 5 6 7 9 10 11 12 13 14 15 16 | 16.2
Maces & Flails | 1 2 3 5 6 7 9 10 11 12 13 14 15 16 | 16.2
Polearms       | 1 2 3 5 6 7 9 10 11 12 13 14 15 16 | 16.2
Staves         | 1 2 3 5 6 7 9 10 11 12 13 14 15 16 | 16.2
Ranged Weapons | 1 2 3 5 6 7 9 10 11 12 13 14 15 16 | 16.2
Throwing       | 1 2 3 5 6 7 9 10 11 12 13 14 15 16 | 16.2
Armour         | 1 2 3 5 6 7 9 10 11 12 13 14 15 16 | 16.2
Shields        | 1 2 3 5 6 7 9 10 11 12 13 14 15 16 | 16.2
Unarmed Combat | 1 2 3 5 6 7 9 10 11 12 13 14 15 16 | 16.2
Evocations     | 1 2 3 5 6 7 9 10 11 12 13 14 15 16 | 16.2
Conjurations   | 1 2 3 4 5 6 7 8 9 10 11 12 13 | 13.8
Hexes          | 1 2 3 4 5 6 7 8 9 10 11 12 13 | 13.8
Summonings     | 1 2 3 4 5 6 7 8 9 10 11 12 13 | 13.8
Necromancy     | 1 2 3 4 5 6 7 8 9 10 11 12 13 | 13.8
Translocations | 1 2 3 4 5 6 7 8 9 10 11 12 13 | 13.8
Transmutations | 1 2 3 4 5 6 7 8 9 10 11 12 13 | 13.8
Fire Magic     | 1 2 3 4 5 6 7 8 9 10 11 12 13 | 13.8
Air Magic      | 1 2 3 4 5 6 7 8 9 10 11 12 13 | 13.8
Earth Magic    | 1 2 3 4 5 6 7 8 9 10 11 12 13 | 13.8
Poison Magic   | 1 2 3 4 5 6 7 8 9 10 11 12 13 | 13.8
Dodging        | 5 6 7 8 9 10 11 12 13 14 15 16 | 16.8
Stealth        | 5 6 7 8 9 10 11 12 13 14 15 16 | 16.7
Ice Magic      | 8 9 10 11 12 13 14 15 | 15.4

Action                     |  1- 3 |  4- 6 |  7- 9 | 10-12 | 13-15 | 16-18 | 19-21 | 22-24 || total
---------------------------+-------+-------+-------+-------+-------+-------+-------+-------++-------
  Melee: Unarmed           |    19 |       |       |       |       |       |       |       ||    19
         Bite              |     2 |     2 |    15 |    26 |   125 |   147 |   122 |    68 ||   507
         Mace              |     5 |     1 |       |       |       |       |       |       ||     6
         Short sword       |       |     1 |       |       |       |       |       |       ||     1
         Club              |       |    31 |    55 |       |       |       |       |       ||    86
         Punch             |       |       |     5 |    10 |       |       |       |       ||    15
         Falchion          |       |       |   100 |    50 |       |       |       |       ||   150
         Spear             |       |       |       |   193 |   867 |   989 |   940 |   378 ||  3367
         Staff             |       |       |       |       |       |       |    15 |       ||    15
  Throw: Boomerang         |       |       |       |       |       |       |       |     4 ||     4
   Cast: Freeze            |    45 |    19 |    14 |     3 |     4 |     5 |       |       ||    90
         Frozen Ramparts   |     2 |    11 |    37 |    39 |   150 |   121 |    82 |     6 ||   448
         Ozocubu's Armour  |     1 |     6 |    21 |    25 |    83 |     2 |       |       ||   138
         Summon Ice Beast  |       |       |       |     4 |    44 |    48 |    15 |       ||   111
         Dispel Undead     |       |       |       |       |    16 |    13 |       |       ||    29
         Irradiate         |       |       |       |       |     7 |    34 |     8 |       ||    49
         Statue Form       |       |       |       |       |    31 |   112 |   102 |    56 ||   301
         Lee's Rapid Decon |       |       |       |       |     3 |     4 |    43 |    12 ||    62
         Stone Arrow       |       |       |       |       |       |    43 |       |       ||    43
         Spellforged Servi |       |       |       |       |       |     4 |    60 |    32 ||    96
         Ignition          |       |       |       |       |       |       |    13 |    54 ||    67
         Lehudib's Crystal |       |       |       |       |       |       |     2 |     1 ||     3
 Invoke: Potion Petition   |       |       |       |       |     1 |     3 |       |     4 ||     8
         Call Merchant     |       |       |       |       |       |     1 |     4 |       ||     5
  Evoke: Wand              |       |       |       |     4 |    30 |    52 |     2 |     5 ||    93
    Use: Scroll            |       |     3 |     5 |     3 |     5 |     4 |     5 |     1 ||    26
         Potion            |       |       |       |     3 |     1 |    11 |     4 |     4 ||    23
   Stab: Sleeping          |       |       |     1 |     5 |     3 |     8 |     8 |     3 ||    28
         Distracted        |       |       |       |     1 |     9 |     7 |    22 |    14 ||    53
         Invisible         |       |       |       |       |     1 |       |       |       ||     1
         Paralysed         |       |       |       |       |     1 |       |       |       ||     1
 Armour: Robe              |    11 |    13 |    42 |    71 |   122 |    15 |    10 |     5 ||   289
         Skin              |       |       |       |       |    88 |   461 |   410 |   170 ||  1129
  Dodge: Dodged            |    53 |    27 |   137 |   133 |   433 |   844 |   695 |   297 ||  2619
  Block: Other             |       |       |       |    18 |       |       |       |       ||    18
         Buckler           |       |       |       |    27 |   588 |   924 |   637 |     6 ||  2182
         Reflection        |       |       |       |     1 |    23 |    62 |    70 |       ||   156
         Kite shield       |       |       |       |       |       |       |       |   329 ||   329

Table legend: (Time is in decaauts)
 A = Elapsed time spent in this place.
 B = Non-inter-level travel time spent in this place.
 C = Inter-level travel time spent in this place.
 D = Time resting spent in this place.
 E = Time spent auto-exploring this place.
 F = Levels seen in this place.
 G = Mean time per level.
                   A        B        C        D        E       F      G
               +--------+--------+--------+--------+--------+-----+--------+
         Total |  66668 |  62244 |   4424 |   3055 |  42572 |  41 | 1626.0 |
       Dungeon |  19411 |  17699 |   1712 |    339 |  14175 |  15 | 1294.1 |
          Lair |   9634 |   8830 |    804 |    157 |   6771 |   5 | 1926.8 |
         Swamp |   7953 |   7709 |    244 |    784 |   3841 |   4 | 1988.2 |
     Snake Pit |   5847 |   5604 |    243 |      0 |   3802 |   4 | 1461.8 |
  Orcish Mines |   3453 |   3023 |    430 |    188 |   2086 |   2 | 1726.5 |
   Elven Halls |   8111 |   7870 |    241 |    656 |   4418 |   3 | 2703.7 |
        Vaults |   7772 |   7209 |    563 |    264 |   4994 |   4 | 1943.0 |
        Depths |   4280 |   4095 |    185 |    666 |   2291 |   3 | 1426.7 |
        Bazaar |    203 |    203 |      0 |      0 |    189 |   1 |  203.0 |
               +--------+--------+--------+--------+--------+-----+--------+

Top non-repeatable levels by time:
   Elf:3: 3402 daAuts
 Swamp:4: 3150 daAuts
  Lair:4: 2616 daAuts
Vaults:3: 2502 daAuts
  Lair:2: 2467 daAuts
   Elf:2: 2415 daAuts
   Elf:1: 2294 daAuts
Depths:1: 2235 daAuts
  Lair:5: 2094 daAuts
Vaults:1: 2087 daAuts
Depths:2: 1989 daAuts
 Swamp:1: 1962 daAuts
     D:4: 1926 daAuts
   Orc:2: 1884 daAuts
     D:8: 1869 daAuts
